 Dungeon Crawl Stone Soup version 0.20.0-15-g7f486f2 (webtiles) character file.

7156 VajrapaniSR the Cleaver (level 10, -13/99 HPs)
             Began as a Deep Dwarf Fighter on June 27, 2017.
             Was a Believer of Makhleb.
             Killed from afar by Harold (19 damage)
             ... with a bolt of fire
             ... on level 1 of the Lair of Beasts.
             The game lasted 00:45:50 (5148 turns).

VajrapaniSR the Cleaver (Deep Dwarf Fighter)        Turns: 5148, Time: 00:45:51

Health: -13/99     AC: 11    Str: 22    XL:     10   Next: 86%
Magic:  4/4        EV:  3    Int: 10    God:    Makhleb [**....]
Gold:   416        SH:  0    Dex: 12    Spells: 9/9 levels left

rFire    . . .     SeeInvis .   a - +2 broad axe
rCold    . . .     Gourm    .   c - +0 shield
rNeg     + . .     Faith    +   B - +0 chain mail
rPois    .         Spirit   .   e - +0 helmet
rElec    .         Reflect  .   (no cloak)
rCorr    .         Harm     .   (no gloves)
MR       +....                  H - +0 pair of boots
Stlth    ..........             E - amulet of faith
Regen    0.0/turn               j - +3 ring of slaying
MPRegen  0.1/turn               g - ring of positive energy

@: about to teleport, held, non-regenerating
A: damage resistance, heal wounds, sense surroundings 2, no regeneration
a: Heal Wounds, Minor Destruction, Renounce Religion


You were on level 1 of the Lair of Beasts.
You worshipped Makhleb.
Makhleb was pleased with you.
You were not hungry.

You visited 3 branches of the dungeon, and saw 13 of its levels.

You collected 465 gold pieces.
You spent 49 gold pieces at shops.

Inventory:

Hand Weapons
 a - a +2 broad axe (weapon)
Armour
 c - a +0 shield (worn)
 e - a +0 helmet (worn)
 B - a +0 chain mail (worn)
 H - a +0 pair of boots (worn)
Magical Staves
 x - an uncursed staff of wizardry {unknown}
Jewellery
 g - a ring of positive energy (right hand)
 j - a +3 ring of slaying (left hand)
 m - an uncursed ring of resist corrosion
 E - an amulet of faith (around neck)
Wands
 b - a wand of random effects (16/48)
 l - a wand of paralysis (6/24)
 o - a wand of flame (23/48)
 q - a wand of polymorph (17/24)
 t - a wand of polymorph (18/24)
 G - a wand of enslavement (9/24)
Scrolls
 n - 2 scrolls of magic mapping
 p - a scroll of noise {unknown}
 r - 2 scrolls of teleportation
 I - 2 scrolls of remove curse
Potions
 d - a potion of heal wounds
 h - a potion of ambrosia {unknown}
 i - a potion of flight
 k - a potion of curing
 u - 2 potions of agility
 z - a potion of haste {unknown}
 A - a potion of invisibility {unknown}
 C - a potion of berserk rage {unknown}
 D - 2 potions of degeneration {unknown}
Miscellaneous
 y - a lightning rod (4/4)
Comestibles
 f - 3 bread rations
 s - 6 royal jellies
 v - a meat ration
 w - 7 fruits
 F - 6 chunks of flesh


   Skills:
 + Level 9.2 Fighting
 + Level 14.4 Axes
 - Level 3.2 Armour
 - Level 3.2 Shields


You had 9 spell levels left.
You didn't know any spells.

Dungeon Overview and Level Annotations

Branches:
Dungeon (11/15)            Temple (1/1) D:4            Lair (1/6) D:11
    Orc (0/2) D:11

Altars:
Ashenzari
Cheibriados
Dithmenos
Elyvilon
Fedhas
Gozag
Hepliaklqana
Makhleb
Nemelex Xobeh
Okawaru
Qazlal
Ru
Sif Muna
Trog
Uskayaw
Vehumet
Xom
Yredelemnul
The Shining One

Shops:
D:5 ?   D:8 }

Annotations:
D:9 unseen horror
D:11 6h hydra
Lair:1 exclusion: electric eel, Harold


Innate Abilities, Weirdness & Mutations

You are resistant to damage.
You can heal yourself by infusing magical energy.
You passively map the area around you.
You do not regenerate.


Message History

You now have 416 gold pieces (gained 22).
Found a stone staircase leading down.
p - a scroll labeled ZAREKK GAQON
Found 23 bolts.
Harold the Weathered comes into view.
He is wielding a vampiric battleaxe.
Harold throws a throwing net.
The throwing net hits you.
You become entangled in the net!
You see here a throwing net.
You tear a large gash into the net.
You struggle against the net.
Harold gestures at you while chanting. The bolt of fire hits you!
* * * LOW HITPOINT WARNING * * *
A porcupine comes into view.
Unknown command.
As you read the scroll of teleportation, it crumbles to dust.
You feel strangely unstable. Harold gestures at you while chanting.
The bolt of fire hits you!
You die...

*###*## ### .(...
#P#### *# ** **
..#.* #....##..**
* * * #..
#.#...... ,. ,
#.####....#* *.. ,
#.........####..
,,
#......@.....@.. *
*#>...........##.
, *
#...#.##...#.##* *
##..###.....### *
* * , *
#.#...........###
* *
##.....#.###r...#
, ,,
..#..#...#..#..##
*, *
.##.........#...#*
* * #...8...8...#
.. ,


You could see Harold and a porcupine.

Vanquished Creatures
  2 unseen horrors
  A wolf spider zombie (D:11)
  An ugly thing (D:11)
  A troll (D:9)
  Grinder (D:4)
  A hornet (D:11)
  A wyvern (D:8)
  2 hell hounds (D:11)
  2 water moccasins (Lair:1)
  A porcupine (Lair:1)
  A sky beast (D:5)
  3 orc warriors
  3 ice beasts (D:8)
  2 ogres (D:6)
  3 phantoms
  A necrophage (D:5)
  2 crocodiles (Lair:1)
  9 bullfrogs
  A water moccasin skeleton (D:6)
  8 killer bees (D:10)
  A wight (D:5)
  3 howler monkeys
  3 crimson imps
  A centaur zombie (D:8)
  3 jellies
  5 hounds
  3 bullfrog skeletons
  A quasit (D:9)
  3 orc priests
  8 orc wizards
  Ijyb (D:5)
  4 iguanas
  4 worker ants
  A worker ant zombie (D:11)
  7 gnolls
  A howler monkey skeleton (D:7)
  13 adders
  3 shadow imps
  2 adder skeletons
  A worm (D:4)
  6 leopard geckos
  19 orcs
  2 ball pythons
  3 giant cockroaches
  A hobgoblin (D:2)
  16 jackals
  3 quokkas
  2 leopard gecko zombies (D:5)
  2 rats
168 creatures vanquished.

Vanquished Creatures (collateral kills)
  Nergalle (D:10)
  A shadow imp (D:10)
2 creatures vanquished.

Grand Total: 170 creatures vanquished

Notes
Turn   | Place    | Note
-------+----------+-------------------------------------------
     0 | D:1      | VajrapaniSR the Deep Dwarf Fighter began the quest for the Orb.
     0 | D:1      | Reached XP level 1. HP: 20/20 MP: 1/1
   113 | D:3      | Reached skill level 3 in Axes
   113 | D:3      | Reached XP level 2. HP: 20/27 MP: 2/2
   116 | D:3      | Reached skill level 4 in Axes
   116 | D:3      | Reached XP level 3. HP: 19/33 MP: 3/3
   157 | D:3      | Reached skill level 5 in Axes
   157 | D:3      | Reached XP level 4. HP: 25/40 MP: 3/3
   202 | D:4      | Found a basalt altar of Yredelemnul.
   407 | D:4      | Reached XP level 5. HP: 22/46 MP: 4/4
   415 | D:4      | Reached skill level 6 in Axes
   429 | D:5      | Entered Level 5 of the Dungeon
   771 | D:6      | Noticed an ogre
   781 | D:6      | Killed an ogre
   781 | D:6      | Reached skill level 7 in Axes
   781 | D:6      | Reached XP level 6. HP: 30/55 MP: 4/4
   837 | D:5      | Reached skill level 8 in Axes
   903 | D:6      | Noticed an orc warrior
   917 | D:6      | Killed an orc warrior
   917 | D:6      | Reached XP level 7. HP: 28/61 MP: 5/5
   926 | D:6      | Reached skill level 9 in Axes
  1014 | D:6      | Reached skill level 10 in Axes
  1069 | D:6      | Reached XP level 8. HP: 38/68 MP: 5/5
  1540 | D:5      | Reached skill level 11 in Axes
  1721 | D:5      | Found Cetithi's Magic Scroll Shoppe.
  1724 | D:5      | Bought a scroll of fear for 49 gold pieces
  2226 | D:6      | Found a radiant altar of Vehumet.
  2343 | D:5      | Found a radiant altar of Vehumet.
  2381 | D:5      | Noticed Ijyb
  2396 | D:5      | Killed Ijyb
  2661 | D:4      | Found a staircase to the Ecumenical Temple.
  2661 | D:4      | Noticed Grinder
  2694 | D:4      | Killed Grinder
  2694 | D:4      | Reached skill level 5 in Fighting
  2694 | D:4      | Gained mutation: You passively map the area around you. [Deep Dwarf growth]
  2694 | D:4      | Reached XP level 9. HP: 53/81 MP: 6/6
  2710 | Temple   | Entered the Ecumenical Temple
  2950 | D:8      | Reached skill level 12 in Axes
  3089 | D:8      | Found a burning altar of Makhleb.
  3094 | D:8      | Became a worshipper of Makhleb the Destroyer
  3130 | D:8      | Found Ryenaorog's Gadget Boutique.
  3576 | D:9      | Noticed a troll
  3582 | D:9      | Killed a troll
  3910 | D:9      | Killed an unseen horror
  3910 | D:9      | Reached * piety under Makhleb
  3910 | D:9      | Reached skill level 13 in Axes
  3992 | D:9      | nice
  4065 | D:10     | Entered Level 10 of the Dungeon
  4136 | D:10     | Noticed Nergalle
  4147 | D:10     | Killed Nergalle
  4147 | D:10     | Reached XP level 10. HP: 44/94 MP: 6/6
  4439 | D:11     | Found a staircase to the Orcish Mines.
  4566 | D:11     | Killed an unseen horror
  4626 | D:11     | Noticed a green ugly thing
  4626 | D:11     | Noticed a cyclops
  4626 | D:11     | Noticed a five-headed hydra
  4708 | D:11     | Reached skill level 14 in Axes
  4714 | D:11     | Killed a green ugly thing
  4926 | D:11     | Found a staircase to the Lair.
  4940 | D:11     | Reached ** piety under Makhleb
  4975 | Lair:1   | Entered Level 1 of the Lair of Beasts
  5145 | Lair:1   | Noticed Harold
  5148 | Lair:1   | Killed from afar by Harold

Skill      XL: |  1  2  3  4  5  6  7  8  9 10 |
---------------+-------------------------------+-----
Axes           | 3 4 5 7 8 10 11 13 14 | 14.4
Fighting       | 5 7 9 |  9.2
Armour         | |  3.2
Shields        | |  3.2

Action                   |  1- 3 |  4- 6 |  7- 9 | 10-12 || total
-------------------------+-------+-------+-------+-------++-------
Melee: War axe           |    37 |    93 |   227 |       ||   357
       Broad axe         |       |       |   108 |   157 ||   265
Throw: Throwing net      |       |     1 |       |       ||     1
 Abil: Heal Wounds       |     2 |     2 |    11 |     9 ||    24
Evoke: Wand              |       |       |       |     4 ||     4
  Use: Scroll            |       |     1 |    10 |     7 ||    18
       Potion            |       |     1 |     1 |     3 ||     5
 Stab: Held in net/web   |       |     1 |       |       ||     1
  Eat: Chunk             |       |       |     9 |     3 ||    12
       Fruit             |       |       |     2 |     1 ||     3
Armor: Scale mail        |    16 |    39 |    68 |       ||   123
       Chain mail        |       |       |    85 |    74 ||   159
Dodge: Dodged            |     9 |    24 |    81 |    25 ||   139
Block: Shield            |    11 |    41 |   134 |    72 ||   258
